Map: Beckett Industries LE

Players

BlyOnFire (Bly)

  • Race: Zerg Zerg
  • League: Master

LiquidClem (Clem) - Winner!

  • Race: Terran Terran
  • League: Grandmaster

Event: DreamHack SC2 Masters 2021 Summer

VOD

Have the link to the VOD?

Description

Time

  • Played on: May 20, 2021, 12:57 p.m.
  • Length: 6:41

All games in this series

Show
View Real Time Build Order
Export as new Build Order

BlyOnFire Zerg 

Build Orders: Hatch First 

Get SALT Encoding   

  12  0:00  Drone  
  13  0:12  Overlord  
  13  0:17  Drone  
  14  0:30  Drone x2  
  16  0:49  Hatchery  
  15  0:52  Drone  
  15  0:55  Drone  
  17  0:59  Drone  
  18  1:10  Extractor  
  17  1:15  Spawning Pool  
  17  1:18  Drone  
  17  1:22  Drone  
  18  1:29  Drone  
  19  1:38  Drone  
  20  1:50  Overlord  
  20  1:52  Extractor  
  19  2:02  Queen x2  
  19  2:08  Zergling x2  
  24  2:10  Drone  
  24  2:11  Drone  
  24  2:12  Metabolic Boost  
  27  2:27  Extractor  
  26  2:33  Zergling x4  
  26  2:34  Zergling x2  
  26  2:35  Drone  
  30  2:48  Hatchery  
  29  2:53  Drone  
  29  2:57  Queen  
  32  3:06  Overlord  
  32  3:11  Drone x2  
  34  3:16  Drone x2  
  36  3:24  Drone x3  
  36  3:25  Drone  
  39  3:32  Overlord  
  39  3:36  Evolution Chamber  
  38  3:48  Zergling x12  
  44  3:57  Zergling x4  
  46  4:04  Zergling x2  
  46  4:05  Zergling x4  
  47  4:11  Queen  
  47  4:15  Zergling x6  
  41  4:32  Roach Warren  
  38  4:40  Drone x5  
  38  4:42  Drone  
  45  4:45  Drone  
  45  4:53  Overlord  
  45  5:00  Overlord  
  49  5:14  Roach x3  
  49  5:17  Overlord  
  51  5:24  Roach x3  
  56  5:31  Spore Crawler  
  52  5:37  Zergling x6  
  52  5:38  Zergling x2  
  52  5:43  Spore Crawler  
  37  5:58  Roach x3  
  29  6:10  Roach  
Show
View Real Time Build Order
Export as new Build Order

LiquidClem Terran - Winner!

Build Orders: Cyclone Opening 

Get SALT Encoding   

  12  0:00  SCV  
  13  0:12  SCV  
  14  0:17  Supply Depot  
  14  0:24  SCV  
  15  0:38  SCV  
  15  0:39  Barracks  
  16  0:44  Refinery  
  16  0:51  SCV  
  17  1:03  SCV  
  18  1:15  SCV  
  19  1:27  Orbital Command  
  20  1:35  Marine  
  20  1:44  Command Center  
  20  1:53  Factory  
  20  1:56  SCV  
  21  2:05  Barracks Reactor  
  21  2:07  Supply Depot  
  21  2:10  SCV  
  22  2:20  Bunker  
  23  2:22  SCV  
  23  2:24  Refinery  
  23  2:35  SCV  
  24  2:39  Factory Tech Lab  
  24  2:41  Marine x2  
  26  2:47  SCV  
  27  2:57  Orbital Command  
  27  2:58  Cyclone  
  27  3:02  SCV  
  31  3:06  Marine  
  31  3:08  Marine  
  33  3:14  SCV  
  33  3:17  Orbital Command  
  33  3:19  Starport  
  33  3:27  SCV  
  34  3:37  Hellion x2  
  34  3:40  SCV  
  39  3:42  Bunker  
  39  3:43  SCV  
  39  3:47  Bunker  
  40  3:52  SCV  
  40  3:55  SCV, Marine  
  43  3:58  Hellion  
  43  3:59  Hellion  
  46  4:11  Supply Depot  
  46  4:12  Cloaking Field  
  46  4:25  SCV x2, Marine  
  46  4:26  Hellion  
  46  4:27  Banshee  
  46  4:28  Hellion  
  46  4:37  SCV x2  
  47  4:40  Supply Depot  
  47  4:42  Marine  
  48  4:49  SCV, Hellion x2  
  48  4:50  SCV  
  54  5:02  SCV x2  
  54  5:03  Supply Depot  
  56  5:08  Marine  
  56  5:10  Banshee  
  60  5:14  SCV x2  
  60  5:18  Supply Depot  
  62  5:25  Hellion x2, Supply Depot  
  62  5:26  SCV x2  
  62  5:27  Barracks Tech Lab  
  62  5:38  SCV x2  
  59  5:45  Marine  
  59  5:46  Hellion  
  59  5:50  SCV x2  
  59  5:51  Hellion  
  59  5:55  Banshee  
  62  6:03  SCV x2  
  53  6:15  SCV  
  51  6:19  SCV  
Tags
 
Add a new tag
Caveats
  • Supply blocks, unpowered buildings, or Contaminate may cause inaccurate times.
  • Supply counts are checked every 10 seconds.